 Dungeon Crawl Stone Soup version 0.31-a0-986-g5e6e4ef867 (webtiles) character file.

Game seed: 7199371982458333569

8 Maratek the Trooper (level 2, 22/24 HPs)
             Began as a Demonspawn Fighter on Nov 3, 2023.
             Quit the game on level 1 of the Dungeon.
             The game lasted 00:00:25 (156 turns).

Maratek the Trooper (Demonspawn Fighter)             Turns: 156, Time: 00:00:25

Health: 22/24      AC:  6    Str: 16    XL:     2   Next: 0%
Magic:  2/2        EV:  8    Int:  9    God:
Gold:   0          SH:  4    Dex: 12    Spells: 1/1 levels left

rFire   . . .        a - +0 trident
rCold   . . .        c - +0 buckler
rNeg    . . .        b - +0 scale mail
rPois   .            (no helmet)
rElec   .            (no cloak)
rCorr   .            (no gloves)
SInv    .            (no boots)
Will    .....        (no amulet) Stlth
                     (no ring)
HPRegen 0.24/turn    (no ring)
MPRegen 0.08/turn

%: no passive effects
@: no status effects
A: hooves 1
a: no special abilities


You were on level 1 of the Dungeon.
You visited 1 branch of the dungeon, and saw 1 of its levels.

Inventory:

Hand Weapons
 a - a +0 trident (weapon)
Armour
 b - a +0 scale mail (worn)
 c - a +0 buckler (worn)
Scrolls
 e - a scroll of amnesia {unknown}
 g - 2 scrolls of fog {unknown}
Potions
 d - a potion of might
 f - a potion of enlightenment {unknown}


   Skills:
 + Level 3.1 Fighting
 + Level 1.9 Polearms
 + Level 2.8 Armour
 + Level 2.8 Shields


You had one spell level left.
You didn't know any spells.
Your spell library was empty.

Dungeon Overview and Level Annotations

Branches:
Dungeon (1/15)

Altars:


Innate Abilities, Weirdness & Mutations

You have large cloven feet.


Message History

No target in view!
No target in view!
No target in view!
No target in view!
No target in view!
No target in view!
No target in view!
No target in view!
No target in view!
No target in view!
Things that are here:
a +0 short sword; a +0 club
Found a falchion.
f - a pink potion
g - 2 scrolls labelled ZISERAU YLEONK A ball python comes into view.
The ball python hisses angrily.
You hear an angry hiss.
A ball python comes into view.
You hit the ball python but do no damage.
The ball python closely misses you. The ball python grabs you.
The ball python constricts you. The ball python barely misses you.
The ball python constricts you.
You hit the ball python.
The ball python is moderately wounded.
The ball python barely misses you. The ball python constricts you.
You closely miss the ball python.
The ball python is moderately wounded.
The ball python bites you but does no damage.
The ball python constricts you.
The ball python bites you but does no damage.
The ball python constricts you.
You hit the ball python.
You kill the ball python!
You puncture the ball python!
You kill the ball python!
You have reached level 2!
You feel monstrous as your demonic heritage exerts itself.
Your demonic ancestry asserts itself...
Your feet thicken and deform.
Are you sure you want to abandon this character and quit the game? (Confirm with "yes".)

#.........#... ....
#.........###. ##...
#.........# #. #.....
#)........# #. ......
#.........# #. ....#
#.........# #.
....####.........###.
#††..#..........)..
#.@#.......#.#..)..
#....#...#.....#...
#.#....#....#....#.
#.....#...#.....#...
#.#.#.......#.#.....
#.......#.#.......#.#
#.#...#.....#...#....
....#....#....#.
.#... .....#


There were no monsters in sight!

Vanquished Creatures
  2 endoplasms (D:1)
  A goblin (D:1)
  2 kobolds (D:1)
  2 ball pythons (D:1)
7 creatures vanquished.

Notes
Turn   | Place    | Note
-------+----------+-------------------------------------------
     0 | D:1      | Maratek the Demonspawn Fighter began the quest for the Orb.
     0 | D:1      | Reached XP level 1. HP: 18/18 MP: 1/1
   156 | D:1      | Discovered your monstrous ancestry.
   156 | D:1      | Gained mutation: You have large cloven feet. [demonic
                  | ancestry]
   156 | D:1      | Reached XP level 2. HP: 22/24 MP: 2/2
   156 | D:1      | Quit the game

Illustrated notes

Levels and vault maps discovered:
D:1:      lemuel_arrival_tunnels, layout_basic,
          nicolae_ecumenical_snake_handling, nicolae_kite_square_tiling_tiny,
          st_stairs_13, nicolae_twisty_statue_hallways

Action                     || total
---------------------------++-------
  Melee: Trident           ||    21
 Armour: Scale mail        ||    10
  Dodge: Dodged            ||     8
  Block: Buckler           ||     3

Table legend: (Time is in decaauts)
 A = Elapsed time spent in this place.
 B = Non-inter-level travel time spent in this place.
 C = Inter-level travel time spent in this place.
 D = Time resting spent in this place.
 E = Time spent auto-exploring this place.
 F = Levels seen in this place.
 G = Mean time per level.
                   A        B        C        D        E       F      G
               +--------+--------+--------+--------+--------+-----+--------+
         Total |    160 |    160 |      0 |      0 |    122 |   1 |  160.0 |
       Dungeon |    160 |    160 |      0 |      0 |    122 |   1 |  160.0 |
               +--------+--------+--------+--------+--------+-----+--------+

Top non-repeatable levels by time:
     D:1: 160 daAuts
